[Event "Titled Tuesday Blitz April 05 Late 2022"]
[White "P., Komal Kishore"]
[Black "Petrova, Irina"]
[WhiteFideId "5016703"]
[BlackFideId "14124122"]
[WhiteElo "2075"]
[BlackElo "1993"]
[Result "1-0"]
[Round "04"]
[TimeControl "180+1"]
[Date "2022.04.06"]
[WhiteClock "0:00:04"]
[BlackClock "0:00:13"]

1. e4 d6 2. d4 Nf6 3. Nc3 e5 4. dxe5 dxe5 5. Qxd8+ Kxd8 6. Bc4 Ke8 7. Nf3 Bd6 8. Ng5 Rf8 9. O-O a6 10. f4 b5 11. fxe5 Bc5+ 12. Kh1 Ng4 13. Bxf7+ Rxf7 14. Rxf7 h6 15. Rxc7 Nd7 16. Ne6 Bb6 17. Rc6 Bb7 18. Rxb6 Nxb6 19. Nc7+ Ke7 20. Nxa8 Bxa8 21. Bf4 Nc4 22. Nd5+ Bxd5 23. exd5 g5 24. Bg3 Nge3 25. d6+ Ke6 26. Re1 Nxc2 27. Re2 Nd4 28. Re4 Nf5 29. b3 Nb6 30. Bf2 Nd7 31. g4 Ng7 32. Bd4 Ne8 33. Kg2 Ng7 34. Kg3 Ne8 35. h4 Ng7 36. hxg5 hxg5 37. Kf3 Kd5 38. Ke3 Ne6 39. Kd3 Nxd4 40. Rxd4+ Kxe5 41. a4 Nc5+ 42. Kc3 Nd7 43. axb5 axb5 44. Rb4 Kxd6 45. Rxb5 Ne5 46. Rxe5 Kxe5 47. b4 Kf4 48. b5 Kxg4 49. b6 Kf3 50. b7 g4 51. b8=Q g3 52. Qf8+ Ke2 53. Qe7+ Kf1 54. Qf6+ Kg1 55. Qf3 g2 56. Kd2 Kh2 57. Qf2 Kh1 58. Qh4+ Kg1 59. Ke3 Kf1 60. Qh3 Kg1 61. Qg3 Kh1 62. Kf2 1-0


[Site "https://www.chess.com"]

[Event "Titled Tuesday Blitz April 05 Late 2022"]
[White "Pakleza, Zbigniew"]
[Black "Sevian, Samuel"]
[WhiteFideId "1119290"]
[BlackFideId "2040506"]
[WhiteElo "2467"]
[BlackElo "2698"]
[Result "0-1"]
[Round "04"]
[TimeControl "180+1"]
[Date "2022.04.05"]
[WhiteClock "0:00:03"]
[BlackClock "0:00:23"]

1. d4 Nf6 2. Nf3 Nc6 3. Bf4 Nh5 4. Bc1 d5 5. c4 e6 6. Nc3 Bb4 7. Qb3 O-O 8. e3 a5 9. Bd2 Nf6 10. Bd3 dxc4 11. Bxc4 b6 12. O-O Bb7 13. Rac1 Ne7 14. a3 Bd6 15. Be2 Ng6 16. Nb5 Ng4 17. h3 Nf6 18. Nxd6 cxd6 19. Rfd1 Bd5 20. Qb5 Ne4 21. Be1 Ne7 22. Nd2 Nxd2 23. Rxd2 Nf5 24. Qd3 Nh4 25. e4 Bb7 26. f3 Ng6 27. Qe3 h5 28. Rdc2 Qf6 29. Rc7 Rab8 30. Bg3 e5 31. d5 h4 32. Bf2 Nf4 33. Bf1 Bc8 34. R1c6 Qg6 35. Kh2 Ba6 36. Qe1 Bb5 37. Rxb6 Rxb6 38. Bxb6 Rb8 39. Be3 Qg3+ 40. Qxg3 hxg3+ 41. Kg1 Bxf1 42. Kxf1 Rxb2 43. Bxf4 exf4 44. Rc6 Rf2+ 45. Kg1 Ra2 46. Kf1 Rxa3 47. Rxd6 Ra1+ 48. Ke2 Rg1 49. Rd8+ Kh7 50. d6 Rxg2+ 51. Kd3 Rg1 52. Ke2 Rg2+ 53. Kd3 Rg1 54. Ke2 Ra1 55. d7 Ra2+ 56. Kd3 g2 57. Rh8+ Kg6 58. d8=Q g1=Q 59. Qd6+ f6 60. Qxf4 Qb1+ 61. Kd4 Qb4+ 62. Kd5 Rd2+ 63. Ke6 Qc4+ 64. Ke7 Qf7# 0-1


[Site "https://www.chess.com"]

[Event "Titled Tuesday Blitz April 05 Late 2022"]
[White "Papp, Levente"]
[Black "Wesolowska, Hanna"]
[WhiteFideId "751243"]
[BlackFideId "1104683"]
[WhiteElo "2609"]
[BlackElo "2359"]
[Result "1-0"]
[Round "04"]
[TimeControl "180+1"]
[Date "2022.04.06"]
[WhiteClock "0:01:09"]
[BlackClock "0:01:28"]

1. g3 Nf6 2. Bg2 g6 3. c4 Bg7 4. Nc3 O-O 5. e4 d6 6. Nge2 c5 7. O-O Nc6 8. d3 Re8 9. Rb1 Nd4 10. a3 Rb8 11. b4 e5 12. Nxd4 cxd4 13. Nd5 Be6 14. Bg5 Bxd5 15. cxd5 h6 16. Bd2 Rc8 17. Qa4 a6 18. Rfc1 Qd7 19. Qxd7 Nxd7 20. Bh3 Rxc1+ 21. Rxc1 Nb6 22. Rc7 Rb8 23. f4 Na4 24. fxe5 Bxe5 25. Bxh6 Nb2 26. Bf1 b6 27. Bf4 f6 28. Kf2 a5 29. b5 Nd1+ 30. Ke1 Nc3 31. Bh3 Bxf4 32. gxf4 Nxb5 33. Rc6 Kf7 34. Be6+ Ke7 35. a4 Nc3 36. Rc7+ Ke8 37. Rg7 Rd8 38. Rxg6 Nxa4 39. h4 Ke7 40. Rg7+ Ke8 41. Rf7 Nc3 42. h5 1-0


[Site "https://www.chess.com"]

[Event "Titled Tuesday Blitz April 05 Late 2022"]
[White "Pavlidou, Ekaterini"]
[Black "Kozak, Antoni"]
[WhiteFideId "4213262"]
[BlackFideId "21832030"]
[WhiteElo "2374"]
[BlackElo "2615"]
[Result "0-1"]
[Round "04"]
[TimeControl "180+1"]
[Date "2022.04.06"]
[WhiteClock "0:00:19"]
[BlackClock "0:00:17"]

1. d4 d5 2. c4 e6 3. Nf3 Nf6 4. Bg5 dxc4 5. e3 b5 6. a4 c6 7. Ne5 Bb7 8. b3 Bb4+ 9. Ke2 cxb3 10. Qxb3 a5 11. Kd1 bxa4 12. Rxa4 O-O 13. Bc4 c5 14. Ke2 Nc6 15. f4 cxd4 16. Rd1 Qc7 17. exd4 Ne4 18. Bh4 Nxe5 19. fxe5 Rab8 20. Bd3 Bc6 21. Ra2 Be7 22. Qc2 Bxh4 23. Bxe4 Bb5+ 24. Kf3 Qe7 25. Bxh7+ Kh8 26. g3 Bg5 27. h4 Bh6 28. Bd3 f6 29. Kg2 fxe5 30. dxe5 Bxd3 31. Qxd3 Rfd8 32. Qe2 Rxd1 33. Qxd1 Qb7+ 34. Qf3 Qxf3+ 35. Kxf3 Rxb1 36. Rxa5 Re1 37. g4 Bd2 38. Rb5 Bc3 39. Kf4 Bd2+ 40. Kf3 Kh7 41. g5 Kg6 42. Kg4 Re4+ 43. Kf3 Rxh4 44. Rb6 Kf5 45. Rb7 g6 46. Rf7+ Kxe5 47. Rf6 Bxg5 48. Rxg6 Rf4+ 49. Kg3 Kf5 50. Rg8 e5 51. Rf8+ Bf6 52. Rf7 Ra4 53. Kf2 Ra3 54. Rf8 e4 55. Ke2 Ke5 56. Re8+ Kf4 57. Rf8 Ra2+ 58. Kf1 Ke5 59. Re8+ Kf5 60. Rf8 e3 61. Ke1 Ke5 62. Re8+ Kd4 63. Re6 Be5 64. Re8 Kd3 65. Rd8+ Bd4 66. Re8 Ra1# 0-1


[Site "https://www.chess.com"]

[Event "Titled Tuesday Blitz April 05 Late 2022"]
[White "Piesik, Piotr"]
[Black "Pesotskiy, Mikhail"]
[WhiteFideId "1136194"]
[BlackFideId "34164453"]
[WhiteElo "2634"]
[BlackElo "2458"]
[Result "1-0"]
[Round "04"]
[TimeControl "180+1"]
[Date "2022.04.06"]
[WhiteClock "0:00:18"]
[BlackClock "0:00:15"]

1. Nf3 Nf6 2. g3 b6 3. Bg2 Bb7 4. O-O e6 5. c4 Be7 6. Nc3 O-O 7. d3 c5 8. e4 d6 9. Ne1 Nc6 10. f4 Nd4 11. Nc2 Nd7 12. Ne2 e5 13. Ne3 a6 14. Bh3 b5 15. b3 a5 16. Nxd4 cxd4 17. Nf5 bxc4 18. bxc4 Nc5 19. Ba3 Bc8 20. Rb1 Bxf5 21. Bxf5 Qc7 22. Bxc5 dxc5 23. Rb5 Rfb8 24. fxe5 Qxe5 25. Qb3 Rxb5 26. cxb5 g6 27. Bd7 Rf8 28. b6 Bg5 29. b7 Be3+ 30. Kg2 Qh5 31. Rf3 c4 32. Qxc4 Qe5 33. Bc6 Kg7 34. Bd5 f6 35. Rf1 Qh5 36. Qc2 f5 37. exf5 Rxf5 38. Rxf5 Qxf5 39. Be4 Qf8 40. Bf3 Kh6 41. Qc8 1-0


[Site "https://www.chess.com"]

[Event "Titled Tuesday Blitz April 05 Late 2022"]
[White "Pinheiro, Iung Alicio de O."]
[Black "Kosteniuk, Alexandra"]
[WhiteFideId "2104350"]
[BlackFideId "4128125"]
[WhiteElo "2550"]
[BlackElo "2685"]
[Result "1-0"]
[Round "04"]
[TimeControl "180+1"]
[Date "2022.04.06"]
[WhiteClock "0:00:14"]
[BlackClock "0:00:09"]

1. c4 e5 2. g3 Nf6 3. Bg2 d5 4. cxd5 Nxd5 5. Nf3 Nc6 6. O-O Nb6 7. d3 Be7 8. Nbd2 O-O 9. a3 Be6 10. b4 a5 11. b5 Nd4 12. Bb2 Nxf3+ 13. Nxf3 f6 14. a4 Bd5 15. Qc2 Rc8 16. e4 Be6 17. d4 c6 18. bxc6 Rxc6 19. Qb1 Bc4 20. Rd1 exd4 21. Nxd4 Rd6 22. Nf5 Rxd1+ 23. Qxd1 Qxd1+ 24. Rxd1 Bb4 25. Rc1 Rc8 26. Bh3 Rd8 27. e5 fxe5 28. Bxe5 Bf8 29. Bc7 Re8 30. Bxb6 Bb3 31. Bxa5 Bxa4 32. Bc3 Bc6 33. Nd4 Bd5 34. Bg2 Bxg2 35. Kxg2 Bc5 36. Nb3 Ba7 37. Bd4 Bb8 38. Be3 Bd6 39. Rd1 Bf8 40. Rd7 b5 41. Rb7 Re5 42. Nd4 b4 43. Nc6 Re4 44. Kf3 Rc4 45. Ne5 Rc8 46. Nd7 Bd6 47. Bd4 Rc7 48. Rb8+ Kf7 49. Nb6 Re7 50. Rd8 Bc7 51. Rd5 g6 52. Rb5 Bd6 53. Be3 Rb7 54. Rd5 Be7 55. Nc8 Ke6 56. Nxe7 Kxe7 57. Re5+ Kd6 58. Ra5 b3 59. Ra1 Kd5 60. Rb1 Kc4 61. Ke2 Kc3 62. Bg5 Kc2 63. Rc1+ Kb2 64. Rc8 Ka2 65. Ra8+ Kb1 66. Bf6 b2 67. g4 Kc2 68. Rc8+ Kb3 69. Bxb2 Kxb2 70. Ke3 Rf7 71. f4 Kb3 72. h4 Kb4 73. Ke4 Kb5 74. f5 gxf5+ 75. gxf5 Kb6 76. Ke5 Kb7 77. Rc1 Re7+ 78. Kf6 Re4 79. h5 Rg4 80. h6 Rg3 81. Kf7 Rg5 82. f6 Rg6 83. Ke7 Rxh6 84. f7 1-0


[Site "https://www.chess.com"]

[Event "Titled Tuesday Blitz April 05 Late 2022"]
[White "Prohorov, Olexandr"]
[Black "Ashiev, Eduard"]
[WhiteFideId "14105578"]
[BlackFideId "4130090"]
[WhiteElo "1993"]
[BlackElo "2004"]
[Result "0-1"]
[Round "04"]
[TimeControl "180+1"]
[Date "2022.04.06"]
[WhiteClock "0:00:02"]
[BlackClock "0:00:03"]

1. e4 e5 2. Nf3 Nc6 3. c3 Nf6 4. d4 exd4 5. e5 Nd5 6. cxd4 d6 7. exd6 Bxd6 8. Bd3 O-O 9. O-O h6 10. h3 Nce7 11. Nc3 c6 12. Re1 Re8 13. Bd2 Be6 14. a3 Qd7 15. Ne4 Rad8 16. Rc1 Bf5 17. Qb3 Bxe4 18. Bxe4 Nf6 19. Bb1 Ned5 20. Ne5 Qc8 21. Qg3 Kf8 22. b4 a6 23. Qh4 Ng8 24. Qe4 Ndf6 25. Qc2 Ne7 26. Ba2 Ned5 27. g4 Bxe5 28. dxe5 Nxg4 29. hxg4 Qxg4+ 30. Kf1 Qh3+ 31. Kg1 Re6 32. f4 Qg3+ 33. Kf1 Qf3+ 34. Kg1 Rg6+ 35. Qxg6 fxg6 36. e6 Ne7 37. Re3 Qg4+ 38. Kf1 Rxd2 0-1


[Site "https://www.chess.com"]

[Event "Titled Tuesday Blitz April 05 Late 2022"]
[White "Putri, Regita Desyari"]
[Black "Sadovsky, Artem"]
[WhiteFideId "7109083"]
[BlackFideId "4155840"]
[WhiteElo "2307"]
[BlackElo "2521"]
[Result "1-0"]
[Round "04"]
[TimeControl "180+1"]
[Date "2022.04.06"]
[WhiteClock "0:00:09"]
[BlackClock "0:00:17"]

1. c4 g6 2. Nc3 Bg7 3. e4 d6 4. d4 e5 5. Nf3 Nc6 6. d5 Nce7 7. Be2 f5 8. b3 Nf6 9. Bb2 O-O 10. exf5 gxf5 11. O-O Ng6 12. Rc1 Bh6 13. Ra1 Nf4 14. Re1 Kh8 15. Bf1 Rg8 16. Kh1 Ng4 17. Qc2 Qe7 18. h3 Qg7 19. Nd1 Nf6 20. Ne3 Ne4 21. b4 Nh5 22. c5 Nhg3+ 23. fxg3 Qxg3 24. Re2 Bf4 25. Nxf5 Bxf5 26. Rxe4 Rg7 27. Qe2 Bxe4 28. Qxe4 Rag8 29. Re1 Qf2 30. Qe2 Qg3 31. Qe4 a6 32. Qe2 Rf7 33. c6 b5 34. Qe4 Rg6 35. Bc3 Rh6 36. Ng1 Rg7 37. Nf3 Rxh3+ 38. gxh3 Qf2 39. Qe2 Qg3 40. Qg2 Qxe1 41. Nxe1 Rxg2 42. Nxg2 Bd2 43. Bxd2 a5 44. Bc3 a4 45. a3 Kg7 46. Bxb5 Kf6 47. Bxa4 Kf5 48. b5 Ke4 49. Kg1 Kd3 50. Be1 e4 51. Kf2 e3+ 52. Nxe3 Kd4 53. b6 Kc5 54. b7 h5 55. b8=Q h4 56. Qb5+ Kd4 57. Qc4+ Ke5 58. Ng4+ Kf5 59. Bc2+ Kg5 60. Bd2+ Kh5 61. Nf6# 1-0


[Site "https://www.chess.com"]

[Event "Titled Tuesday Blitz April 05 Late 2022"]
[White "Quintiliano Pinto, Renato R."]
[Black "Bilan, Danila"]
[WhiteFideId "2117568"]
[BlackFideId "24161918"]
[WhiteElo "2439"]
[BlackElo "2164"]
[Result "1-0"]
[Round "04"]
[TimeControl "180+1"]
[Date "2022.04.05"]
[WhiteClock "0:01:58"]
[BlackClock "0:00:02"]

1. Nf3 d5 2. d4 Nf6 3. c4 c6 4. Nc3 e6 5. Bg5 Nbd7 6. e3 Be7 7. Qc2 O-O 8. cxd5 exd5 9. Bd3 Re8 10. O-O Nf8 11. Rab1 a5 12. Rbe1 Ng6 13. h3 Ne4 14. Bxe4 dxe4 15. Bxe7 Qxe7 16. Nd2 f5 17. f3 exf3 18. Nxf3 Be6 19. e4 fxe4 20. Rxe4 Bf5 21. Rxe7 Bxc2 22. Rxb7 Rab8 23. Rxb8 Rxb8 24. b3 Rc8 25. Rc1 Bd3 26. Kf2 Ba6 27. g3 c5 28. Ne4 c4 29. Nd6 Rd8 30. Nxc4 Bb7 31. Ncd2 h6 32. Rc7 Bd5 33. Rc5 a4 34. bxa4 Bxa2 35. Ke3 Bd5 36. Ne5 Ne7 37. g4 Nc6 38. Nxc6 Bxc6 39. Rxc6 1-0


[Site "https://www.chess.com"]

[Event "Titled Tuesday Blitz April 05 Late 2022"]
[White "Rasulov, Vugar"]
[Black "Xiong, Jeffery"]
[WhiteFideId "13402390"]
[BlackFideId "2047640"]
[WhiteElo "2560"]
[BlackElo "2727"]
[Result "1/2-1/2"]
[Round "04"]
[TimeControl "180+1"]
[Date "2022.04.05"]
[WhiteClock "0:01:17"]
[BlackClock "0:00:52"]

1. d4 d5 2. c4 dxc4 3. Nf3 Nf6 4. e3 e6 5. Bxc4 c5 6. O-O Nc6 7. Be2 cxd4 8. exd4 Be7 9. Nc3 O-O 10. Bg5 h6 11. Bh4 b6 12. Rc1 Bb7 13. a3 Rc8 14. Bd3 Nh5 15. Bg3 Nxg3 16. hxg3 Bf6 17. Be4 Ba6 18. Re1 Nxd4 19. Qa4 Nxf3+ 20. Bxf3 Bxc3 21. bxc3 Bc4 22. Qxa7 Qd6 23. Qa4 Rc5 24. Qb4 Qc7 25. Red1 Rc8 26. a4 Bd5 27. Bxd5 exd5 28. Rb1 Rxc3 29. Qxb6 Qxb6 30. Rxb6 Ra3 31. Rb4 Rc4 32. Rd4 1/2-1/2


[Site "https://www.chess.com"]

[Event "Titled Tuesday Blitz April 05 Late 2022"]
[White "Reprintsev, Alexander"]
[Black "Janturin, Artur"]
[WhiteFideId "14100541"]
[BlackFideId "4130022"]
[WhiteElo "2559"]
[BlackElo "2347"]
[Result "1-0"]
[Round "04"]
[TimeControl "180+1"]
[Date "2022.04.06"]
[WhiteClock "0:00:47"]
[BlackClock "0:00:03"]

1. e4 e6 2. Qe2 c5 3. b3 b6 4. Bb2 Bb7 5. Nf3 Nc6 6. Na3 d5 7. exd5 Qxd5 8. O-O-O Nf6 9. d4 cxd4 10. Nb5 Rc8 11. c4 Nb4 12. Nfxd4 Qg5+ 13. Kb1 Be4+ 14. Ka1 Bc5 15. a3 Nc6 16. Nxc6 Bxc6 17. Nxa7 Rc7 18. Nxc6 Rxc6 19. Qf3 Rc8 20. b4 Be7 21. Qb7 Rd8 22. Rxd8+ Bxd8 23. Qc6+ Kf8 24. Be2 h5 25. Rd1 1-0


[Site "https://www.chess.com"]

[Event "Titled Tuesday Blitz April 05 Late 2022"]
[White "Roberson, Peter T"]
[Black "Yuan, Qingyu"]
[WhiteFideId "412384"]
[BlackFideId "8609772"]
[WhiteElo "2346"]
[BlackElo "2359"]
[Result "1-0"]
[Round "04"]
[TimeControl "180+1"]
[Date "2022.04.05"]
[WhiteClock "0:00:06"]
[BlackClock "0:00:05"]

1. e4 c6 2. Nf3 d5 3. exd5 cxd5 4. Ne5 Nc6 5. d4 e6 6. c3 Bd6 7. f4 Nge7 8. Bd3 O-O 9. Nd2 f6 10. Nxc6 bxc6 11. Nf3 Qc7 12. g3 e5 13. dxe5 fxe5 14. Nxe5 Bxe5 15. fxe5 Qxe5+ 16. Qe2 Qxe2+ 17. Bxe2 Ng6 18. Be3 Bh3 19. O-O-O Rae8 20. Kd2 Rf7 21. Bd4 Ne5 22. Rde1 Rfe7 23. Bxe5 Rxe5 24. Bd3 Kf7 25. Rxe5 Rxe5 26. Re1 Rxe1 27. Kxe1 Kf6 28. Kd2 h6 29. b4 Ke5 30. Ke3 g5 31. a4 Bd7 32. a5 Bc8 33. Bc2 Bd7 34. Ba4 Be8 35. Bc2 Bd7 36. Bd1 Bf5 37. Be2 Bc2 38. Bg4 Bb3 39. Be2 Bc4 40. Bg4 Bb5 41. Bf3 Ba6 42. Bd1 Bb5 43. Bc2 Bf1 44. Ba4 Kd6 45. Kd4 Bc4 46. Bd1 Bf1 47. Bb3 Be2 48. c4 dxc4 49. Bxc4 Bf3 50. Bd3 Bh1 51. Be4 Bxe4 52. Kxe4 Ke6 53. Kd4 Kd6 54. g4 Kd7 55. Ke5 Kc7 56. Kf6 c5 57. bxc5 Kc6 58. Kg6 Kb5 59. Kxh6 Kxa5 60. Kxg5 Kb5 61. h4 a5 62. h5 a4 63. h6 a3 64. h7 a2 65. h8=Q Kxc5 66. Qb2 1-0


[Site "https://www.chess.com"]

[Event "Titled Tuesday Blitz April 05 Late 2022"]
[White "Romero Ruscalleda, Josep"]
[Black "Ezat, Mohamed"]
[WhiteFideId "2231859"]
[BlackFideId "10600906"]
[WhiteElo "2307"]
[BlackElo "2585"]
[Result "0-1"]
[Round "04"]
[TimeControl "180+1"]
[Date "2022.04.06"]
[WhiteClock "0:00:13"]
[BlackClock "0:00:25"]

1. e4 c6 2. Nc3 d5 3. Nf3 Bg4 4. h3 Bh5 5. exd5 cxd5 6. Bb5+ Nc6 7. g4 Bg6 8. Ne5 Rc8 9. d4 e6 10. h4 f6 11. Nxg6 hxg6 12. Qd3 Kf7 13. Be3 Bb4 14. Bd2 Nge7 15. O-O-O Qa5 16. Kb1 a6 17. Bxc6 Rxc6 18. h5 gxh5 19. Rxh5 Rhc8 20. Rh3 Bxc3 21. Bxc3 Rxc3 22. bxc3 Ng6 23. Rf3 Rc6 24. Kc1 e5 25. Qf5 e4 26. Rh3 Rxc3 27. Rxc3 Qxc3 28. Qxd5+ Kf8 29. Qxe4 Kf7 30. Qxb7+ Kg8 31. Qxa6 Nf4 32. Qa8+ Kf7 33. Qb7+ Kg6 34. Qe4+ Kf7 35. Qb7+ Kg6 36. Qb2 Qf3 37. c3 Ne2+ 38. Kd2 Qxf2 39. Qb1+ Kf7 40. Rf1 Qg2 41. Qb3+ Kg6 42. Qc2+ Kh6 43. Qd3 Nf4+ 44. Ke3 Nxd3 45. Kxd3 Qxf1+ 46. Kc2 Qc4 0-1


[Site "https://www.chess.com"]

[Event "Titled Tuesday Blitz April 05 Late 2022"]
[White "Ronka, Erik"]
[Black "Ward, Ieuan C"]
[WhiteFideId "505080"]
[BlackFideId "406627"]
[WhiteElo "2516"]
[BlackElo "2303"]
[Result "1-0"]
[Round "04"]
[TimeControl "180+1"]
[Date "2022.04.06"]
[WhiteClock "0:00:18"]
[BlackClock "0:00:04"]

1. e4 c5 2. Nf3 d6 3. d4 cxd4 4. Nxd4 Nf6 5. Nc3 a6 6. Nb3 e5 7. Bg5 Be7 8. Bxf6 Bxf6 9. Nd5 O-O 10. Qd3 Be6 11. O-O-O Bxd5 12. Qxd5 Qb6 13. f3 Rd8 14. Bc4 Rd7 15. Kb1 Qd8 16. Qd3 Nc6 17. Bd5 Rc8 18. c3 b5 19. Qe2 Ne7 20. Rd3 Ng6 21. g3 h5 22. Rhd1 h4 23. Qf2 Be7 24. f4 hxg3 25. hxg3 exf4 26. gxf4 Bh4 27. Qf3 Qf6 28. Rf1 b4 29. c4 Ra7 30. Qg4 Re8 31. Nd4 Ne7 32. Nf3 Nxd5 33. Rxd5 Rxe4 34. Qxh4 1-0


[Site "https://www.chess.com"]

[Event "Titled Tuesday Blitz April 05 Late 2022"]
[White "Rosen, Eric"]
[Black "Ardila, Oscar Humberto"]
[WhiteFideId "2032562"]
[BlackFideId "4404742"]
[WhiteElo "2362"]
[BlackElo "1983"]
[Result "1-0"]
[Round "04"]
[TimeControl "180+1"]
[Date "2022.04.06"]
[WhiteClock "0:00:08"]
[BlackClock "0:00:03"]

1. d4 Nf6 2. Bf4 g6 3. Nc3 d5 4. e3 c6 5. h4 h5 6. Nf3 Bg4 7. Qd2 Bxf3 8. gxf3 Qb6 9. O-O-O Nbd7 10. Kb1 e6 11. e4 Bb4 12. e5 Ng8 13. Bd3 Ne7 14. Ka1 O-O-O 15. Bg5 Rde8 16. a3 Qa5 17. Kb1 Bxc3 18. Qxc3 Qxc3 19. bxc3 Nf5 20. Bxf5 gxf5 21. Rhg1 Rhg8 22. Rg3 Nb6 23. Bc1 Rxg3 24. fxg3 Rg8 25. Rg1 Nc4 26. Ka2 Kd7 27. Kb3 a5 28. a4 Ke7 29. Bg5+ Kd7 30. g4 hxg4 31. fxg4 fxg4 32. Rxg4 Nd2+ 33. Ka2 Ne4 34. Kb3 b5 35. Rg1 bxa4+ 36. Kxa4 Nxc3+ 37. Kxa5 Ne2 38. Rf1 Ra8+ 39. Kb6 Ke8 40. Be3 Ra3 41. Bg1 Rg3 42. Bf2 Rg4 43. h5 Nxd4 44. Bxd4 Rxd4 45. Rh1 Kd7 46. h6 Rb4+ 47. Kc5 Rb8 48. h7 Rh8 49. Rh3 Kc7 50. c3 Kd7 51. Kb6 Rb8+ 52. Ka7 Rh8 53. Kb7 c5 54. Kb6 d4 55. cxd4 cxd4 56. Kc5 d3 57. Rxd3+ Ke7 58. Rh3 f6 59. Ra3 fxe5 60. Ra7+ Kf6 61. Kd6 e4 62. Kc5 Ke5 63. Kc4 Rc8+ 64. Kb3 e3 65. Rg7 e2 66. Rg8 e1=Q 67. h8=Q+ Kd5 68. Rxc8 Qb1+ 69. Qb2 Qd1+ 70. Rc2 Qd3+ 71. Ka2 Qa6+ 72. Kb1 Qf1+ 73. Qc1 Qb5+ 74. Ka1 Qa4+ 75. Kb2 Qb4+ 76. Ka2 Qa4+ 77. Kb1 Qb4+ 78. Rb2 Qe4+ 79. Qc2 Qe1+ 80. Ka2 Qa5+ 81. Kb3 Qb5+ 82. Ka3 Qa5+ 83. Qa4 Qc3+ 84. Rb3 Qc1+ 85. Ka2 e5 86. Qb5+ Ke6 87. Qb6+ Kf5 88. Qf2+ Ke6 89. Rb6+ Kd5 90. Qg2+ e4 91. Qg8+ Kd4 92. Rb4+ Kc3 93. Rc4+ Kd3 94. Rxc1 e3 95. Qc4+ Kd2 96. Qc2# 1-0


[Site "https://www.chess.com"]

[Event "Titled Tuesday Blitz April 05 Late 2022"]
[White "Rottenwohrer Suarez, Juan"]
[Black "Ricaurte Lopez, Juan Carlos"]
[WhiteFideId "32068182"]
[BlackFideId "3600327"]
[WhiteElo "2158"]
[BlackElo "2209"]
[Result "1/2-1/2"]
[Round "04"]
[TimeControl "180+1"]
[Date "2022.04.06"]
[WhiteClock "0:00:03"]
[BlackClock "0:00:03"]

1. d4 d5 2. c4 e6 3. Nf3 c5 4. cxd5 exd5 5. g3 Nc6 6. Bg2 Nf6 7. O-O Be7 8. dxc5 Bxc5 9. a3 O-O 10. b4 Be7 11. Nc3 Be6 12. Bb2 Rc8 13. Rc1 a6 14. Na4 Ne4 15. Ne5 Nxe5 16. Rxc8 Qxc8 17. Bxe5 Bf6 18. Bxf6 Nxf6 19. Nc5 Qc6 20. Qd4 Rc8 21. h3 a5 22. Rc1 axb4 23. axb4 Qb5 24. Bf1 b6 25. Nd3 Rxc1 26. Nxc1 Qc4 27. Qxb6 h6 28. Nd3 Ne4 29. Nf4 Qc1 30. Nxe6 Nd2 31. Qd8+ Kh7 32. Nf8+ Kg8 33. Ne6+ Kh7 34. Nf8+ Kg8 35. Ne6+ 1/2-1/2


[Site "https://www.chess.com"]

[Event "Titled Tuesday Blitz April 05 Late 2022"]
[White "Rudzinska, Michalina"]
[Black "Hamidi, Amir Mohammad"]
[WhiteFideId "1172883"]
[BlackFideId "12563285"]
[WhiteElo "2299"]
[BlackElo "2735"]
[Result "0-1"]
[Round "04"]
[TimeControl "180+1"]
[Date "2022.04.06"]
[WhiteClock "0:00:05"]
[BlackClock "0:00:14"]

1. Nf3 g6 2. e4 Bg7 3. d4 c6 4. Nc3 d5 5. Bf4 Bg4 6. Be2 e6 7. h3 Bxf3 8. Bxf3 Nd7 9. O-O Ne7 10. Qd2 O-O 11. Bh6 Qb6 12. Bxg7 Kxg7 13. e5 c5 14. Na4 Qc7 15. Nxc5 Nxc5 16. dxc5 Qxc5 17. c3 Nc6 18. Rfe1 a5 19. Qf4 Qe7 20. Rad1 a4 21. c4 dxc4 22. Qxc4 Rfc8 23. Qb5 Ra5 24. Qb6 Rxe5 25. Rxe5 Nxe5 26. Bxb7 Rb8 27. Qd4 Qf6 28. Be4 g5 29. Rd2 h6 30. Qxa4 Qf4 31. Qd4 Rc8 32. g3 Qf6 33. Kg2 h5 34. f4 gxf4 35. Rf2 f3+ 36. Bxf3 Rc4 37. Qe3 Nxf3 38. Qxf3 Qg6 39. b3 Rd4 40. a4 Rd3 41. Qf4 Rxb3 42. h4 Ra3 43. Rf3 Ra2+ 44. Kh3 Kg8 45. Qg5 Qxg5 46. hxg5 Rxa4 47. Re3 Kg7 48. Re5 Kg6 49. Ra5 Rg4 50. Ra8 Rxg5 51. Rg8+ Kf6 52. Rh8 e5 53. Rh6+ Kf5 54. Rh7 f6 55. Kg2 Kg6 56. Re7 h4 57. Kf2 Rxg3 58. Re8 Rg5 59. Rg8+ Kf5 60. Rh8 Rg4 61. Rh6 Rf4+ 62. Kg2 Ke6 63. Rh5 Rf5 64. Rh8 Rg5+ 65. Kf3 Kf5 66. Rxh4 Kg6 67. Rh8 Rh5 68. Rg8+ Kf5 69. Rg3 Rh8 70. Ke3 Ra8 71. Rf3+ Ke6 72. Rf1 f5 73. Rh1 Ra3+ 74. Ke2 f4 75. Rh6+ Kf5 76. Rb6 e4 77. Rb2 Kg4 78. Kf1 Rh3 79. Kg1 e3 80. Rg2+ Rg3 0-1


[Site "https://www.chess.com"]

[Event "Titled Tuesday Blitz April 05 Late 2022"]
[White "Rustemov, Alexander"]
[Black "Danaci, Ege"]
[WhiteFideId "4119002"]
[BlackFideId "34506748"]
[WhiteElo "2785"]
[BlackElo "2385"]
[Result "1/2-1/2"]
[Round "04"]
[TimeControl "180+1"]
[Date "2022.04.06"]
[WhiteClock "0:00:11"]
[BlackClock "0:00:06"]

1. d4 Nf6 2. c4 g6 3. Nf3 Bg7 4. g3 O-O 5. Bg2 d6 6. Nc3 Nbd7 7. O-O e5 8. e4 exd4 9. Nxd4 Re8 10. h3 a6 11. Re1 Nc5 12. Rb1 Bd7 13. b4 Ne6 14. Be3 Nxd4 15. Bxd4 Be6 16. Nd5 c6 17. Nb6 Rb8 18. Qd3 c5 19. Bxf6 Bxf6 20. bxc5 dxc5 21. Qxd8 Rexd8 22. e5 Bg7 23. a4 Bf5 24. Rbd1 Rxd1 25. Rxd1 Bxe5 26. g4 Be6 27. Bd5 Bd4 28. Bxe6 fxe6 29. Kg2 Kf7 30. Rd3 Ke7 31. a5 Rf8 32. f3 Kd6 33. Na4 Ke5 34. Rb3 Rf7 35. Kg3 g5 36. Rb6 Be3 37. Kg2 Rd7 38. Kf1 Kf4 39. Rxe6 Kxf3 40. Rf6+ Bf4 41. Ke1 Re7+ 42. Kd1 Kg3 43. Rh6 Rd7+ 44. Kc2 Be3 45. Nc3 Rd2+ 46. Kb3 Rd3 47. Kc2 Rd2+ 48. Kb1 Kf3 49. Rxh7 Bd4 50. Nd5 Rb2+ 51. Kc1 Ra2 52. Rxb7 Ke4 53. Rb3 Rxa5 54. Ne7 Ra1+ 55. Kc2 Ra2+ 56. Kb1 Ra1+ 57. Kc2 Ra2+ 58. Kb1 Ra1+ 59. Kc2 1/2-1/2


[Site "https://www.chess.com"]

[Event "Titled Tuesday Blitz April 05 Late 2022"]
[White "Rytenko, Vsevolod"]
[Black "Delaney, Killian"]
[WhiteFideId "14133040"]
[BlackFideId "2501570"]
[WhiteElo "2337"]
[BlackElo "2599"]
[Result "1-0"]
[Round "04"]
[TimeControl "180+1"]
[Date "2022.04.06"]
[WhiteClock "0:00:57"]
[BlackClock "0:00:07"]

1. e4 g6 2. d4 Bg7 3. Nc3 d6 4. Be3 a6 5. Qd2 b5 6. h4 Bb7 7. h5 b4 8. Nd5 a5 9. h6 Bf8 10. Bd3 e6 11. Nf4 Nd7 12. Nf3 Ngf6 13. Ng5 e5 14. Ne2 c6 15. Bc4 d5 16. exd5 cxd5 17. Bb5 Ng4 18. dxe5 Bxh6 19. e6 fxe6 20. Rxh6 Nxh6 21. Nxe6 Qe7 22. Nc7+ Kf7 23. Nxa8 Nf5 24. Bxd7 Qxd7 25. Nb6 Qb5 26. Nd4 Nxd4 27. Qxd4 Re8 28. O-O-O Re4 29. Qh8 Re7 30. Qxh7+ Kf6 31. Bd4+ Kf5 32. Qxe7 1-0


[Site "https://www.chess.com"]

[Event "Titled Tuesday Blitz April 05 Late 2022"]
[White "Sadhwani, Raunak"]
[Black "Babazada, Khazar"]
[WhiteFideId "35093487"]
[BlackFideId "13413554"]
[WhiteElo "2616"]
[BlackElo "2406"]
[Result "1-0"]
[Round "04"]
[TimeControl "180+1"]
[Date "2022.04.05"]
[WhiteClock "0:01:47"]
[BlackClock "0:00:49"]

1. d4 Nf6 2. Nf3 c5 3. d5 g6 4. Nc3 Bg7 5. e4 d6 6. Be2 O-O 7. O-O Bg4 8. Nd2 Bxe2 9. Qxe2 e5 10. Nc4 Nh5 11. a4 Qe7 12. g3 Na6 13. Nb5 Rfd8 14. Ra3 Nc7 15. Bd2 b6 16. b4 Na6 17. c3 Nc7 18. bxc5 bxc5 19. Rb1 a6 20. Nxc7 Qxc7 21. Rab3 Rdb8 22. Rb6 Nf6 23. Kg2 Nd7 24. Rc6 1-0


[Site "https://www.chess.com"]